 Dungeon Crawl Stone Soup version 0.20.1-1-g8b1a95d66d (webtiles) character file.

616 Jerry the Slasher (level 7, 0/78 HPs)
             Began as a Barachi Fighter on Nov 17, 2017.
             Slain by an ice beast (3 damage)
             ... on level 5 of the Dungeon.
             The game lasted 00:10:19 (4141 turns).

Jerry the Slasher (Barachi Fighter)                 Turns: 4141, Time: 00:10:20

Health: 0/78       AC: 23    Str: 19    XL:     7   Next: 45%
Magic:  7/7        EV:  2    Int: 13    God:
Gold:   159        SH:  0    Dex: 11    Spells: 6/6 levels left

rFire    . . .     SeeInvis .   d - +4 quarterstaff (chaos)
rCold    . . .     Gourm    .   (shield currently unavailable)
rNeg     + + +     Faith    .   (armour currently unavailable)
rPois    +         Spirit   .   (helmet currently unavailable)
rElec    .         Reflect  .   (cloak currently unavailable)
rCorr    .         Harm     .   (gloves currently unavailable)
MR       .....     NoTele   +   (boots currently unavailable)
Stlth    +.........             (no amulet)
Regen    0.3/turn               o - +4 ring of intelligence
MPRegen  0.1/turn               s - ring of poison resistance

@: tree-form
A: +LOS, swims
a: no special abilities


You were on level 5 of the Dungeon.
You were not hungry.
You were a tree.
You visited 1 branch of the dungeon, and saw 6 of its levels.

You collected 159 gold pieces.

Inventory:

Hand Weapons
 a - a +0 long sword
 d - a +4 quarterstaff of chaos (weapon)
Missiles
 p - an exploding tomahawk (quivered)
Armour
 b - a +0 scale mail (melded)
 c - a +0 shield
 t - a +2 cloak (melded)
 x - a +0 helmet
Jewellery
 o - a +4 ring of intelligence (left branch)
 s - a ring of poison resistance (right branch)
Wands
 u - a wand of scattershot (1/9)
 v - a wand of disintegration (2/24)
Scrolls
 e - a scroll of remove curse
 i - 4 scrolls of identify
 j - 3 scrolls of noise {unknown}
 n - 3 scrolls of teleportation {unknown}
 r - a scroll of random uselessness {unknown}
Potions
 g - 4 potions of flight
 h - a potion of mutation
 w - a potion of ambrosia {unknown}
 z - a potion of brilliance {unknown}
 B - a potion of degeneration {unknown}
Comestibles
 f - 6 bread rations
 l - 3 fruits


   Skills:
 - Level 3.6 Fighting
 * Level 7.0 Long Blades
 + Level 5.8 Armour
 + Level 5.5 Shields


You had 6 spell levels left.
You didn't know any spells.

Dungeon Overview and Level Annotations

Branches:
Dungeon (6/15)
 Temple: D:4-7

Altars:
Ashenzari
Hepliaklqana
Ru
Trog
Vehumet

Shops:
D:6 :


Innate Abilities, Weirdness & Mutations

Shadows flee at your approach. (+LOS)
You can swim through water.
((You cover ground slowly.))
((You can hop short distances.))


Message History

You are poisoned.
The scorpion poisons you! Something hits you but does no damage.
As you read the scroll labeled OZIZUOGEIM, it crumbles to dust.
It is a scroll of enchant armour.
Your +1 cloak glows green for a moment.
You feel sick. The scorpion stings you.
* * * LOW HITPOINT WARNING * * *
Something hits you.
* * * LOW HITPOINT WARNING * * *
Something freezes you!
* * * LOW HITPOINT WARNING * * *
You feel better. The scorpion barely misses you. Something hits you.
* * * LOW HITPOINT WARNING * * *
Something freezes you.
* * * LOW HITPOINT WARNING * * *
You turn into a tree.
Your +2 cloak melds into your body.
Your +0 scale mail melds into your body.
Your roots penetrate the ground.
The scorpion stings you but does no damage.
Something hits you.
You die...

####### ..#.....#
#.#.###.# #.#.# #.#
#####
#.#[###.########......
#.#...#.#.....s.......
#.###.#.#....♣{.......
#.#####.#.############
#.#...#.#.#
#.###.#.#.#
#.....#.#.#
########.#.#.#
...........#.#
########.###.# #....#
#.# #.#


You could see a scorpion.

Vanquished Creatures
  2 phantoms
  A water moccasin zombie (D:5)
  A scorpion (D:5)
  A howler monkey (D:4)
  An orc priest (D:3)
  Crazy Yiuf (D:3)
  A worker ant (D:5)
  2 orc wizards (D:5)
  6 adders
  An adder skeleton (D:4)
  3 worms
  2 dart slugs
  A leopard gecko (D:1)
  18 orcs
  A giant cockroach (D:2)
  5 goblins
  6 hobgoblins
  4 jackals
  3 ball pythons
  5 bats
  2 frilled lizards
  5 kobolds
  7 rats
79 creatures vanquished.

Notes
Turn   | Place    | Note
-------+----------+-------------------------------------------
     0 | D:1      | Jerry the Barachi Fighter began the quest for the Orb.
     0 | D:1      | Reached XP level 1. HP: 18/18 MP: 1/1
    33 | D:1      | Reached XP level 2. HP: 19/24 MP: 2/2
   224 | D:1      | Reached skill level 3 in Long Blades
   693 | D:2      | Reached XP level 3. HP: 27/29 MP: 3/3
  1308 | D:2      | Reached XP level 4. HP: 34/36 MP: 4/4
  1921 | D:3      | Found a hazy altar of Hepliaklqana.
  1927 | D:3      | Found a radiant altar of Vehumet.
  1966 | D:3      | Reached skill level 4 in Long Blades
  1972 | D:3      | Reached XP level 5. HP: 20/41 MP: 5/5
  2294 | D:3      | Found a runed door.
  2533 | D:3      | Noticed Crazy Yiuf
  2539 | D:3      | Killed Crazy Yiuf
  2662 | D:4      | Noticed a phantom
  2856 | D:3      | Reached skill level 5 in Long Blades
  2960 | D:3      | Killed a phantom
  2960 | D:3      | Reached skill level 5 in Armour
  2960 | D:3      | Reached XP level 6. HP: 22/47 MP: 6/6
  3148 | D:4      | Reached skill level 5 in Shields
  3461 | D:5      | Entered Level 5 of the Dungeon
  3464 | D:5      | Found a bloodstained altar of Trog.
  3543 | D:5      | Found a shattered altar of Ashenzari.
  3574 | D:5      | Reached skill level 6 in Long Blades
  3608 | D:5      | Found a sacrificial altar of Ru.
  3663 | D:5      | Noticed a phantom
  3683 | D:5      | Killed a phantom
  3683 | D:5      | Reached XP level 7. HP: 52/52 MP: 7/7
  3816 | D:5      | You fall through a shaft!
  3828 | D:6      | Found Sieneine's Book Emporium.
  4128 | D:5      | Reached skill level 7 in Long Blades
  4140 | D:5      | HP: 2/52 [something (5)]
  4141 | D:5      | Slain by an ice beast

Skill      XL: |  1  2  3  4  5  6  7 |
---------------+----------------------+-----
Long Blades    | 3 4 5 6 7 |  7.0
Armour         | 4 5 |  5.8
Shields        | 4 5 |  5.5
Fighting       | |  3.6

Action                   |  1- 3 |  4- 6 |  7- 9 || total
-------------------------+-------+-------+-------++-------
Melee: Long sword        |   132 |    92 |       ||   224
       Quarterstaff      |       |    54 |    38 ||    92
Throw: Tomahawk          |       |     3 |       ||     3
Evoke: Wand              |       |     1 |     2 ||     3
  Use: Scroll            |       |     6 |     1 ||     7
       Potion            |       |     1 |     2 ||     3
 Stab: Paralysed         |       |     3 |     3 ||     6
  Eat: Chunk             |     2 |     8 |     2 ||    12
Armor: Scale mail        |    51 |    74 |    28 ||   153
       Skin              |       |       |     1 ||     1
Dodge: Dodged            |    49 |    53 |    17 ||   119
Block: Shield            |    87 |    36 |       ||   123
       Rpst.: Long sword |    17 |     5 |       ||    22
